 Dungeon Crawl Stone Soup version 0.31-a0-4-gefa6de2278 (webtiles) character file.

Game seed: 8902596987160135958

233 retardedninja the Firebug (level 6, 0/44 HPs)
             Began as a Gnoll Fire Elementalist on May 3, 2023.
             Succumbed to a scorpion's poison
             ... on level 3 of the Dungeon.
             The game lasted 00:05:58 (4523 turns).

retardedninja the Firebug (Gnoll Fire Elementalist) Turns: 4523, Time: 00:05:59

Health: 0/44       AC:  3    Str:  7    XL:     6   Next: 4%
Magic:  9/14       EV: 13    Int: 17    God:
Gold:   183        SH:  0    Dex: 12    Spells: 12/15 levels left

rFire   . . .        h - +2 mace
rCold   . . .        (no shield)
rNeg    . . .        k - +0 robe
rPois   .            (no helmet)
rElec   .            (no cloak)
rCorr   .            j - +0 pair of gloves
SInv    .            (no boots)
Will    .....        (no amulet)
Stlth   +++          (no ring)
HPRegen 0.27/turn    (no ring)
MPRegen 0.14/turn

%: no passive effects
@: lethally poisoned (0 -> -4), invisible
A: fangs 1, strong nose, distributed training
a: no special abilities


You were on level 3 of the Dungeon.
You visited 1 branch of the dungeon, and saw 4 of its levels.
You also visited: Sewer.

You collected 183 gold pieces.

Inventory:

Hand Weapons
 h - a +2 mace (weapon)
Armour
 j - a +0 pair of gloves (worn)
 k - a +0 robe (worn)
 m - a +0 pair of boots
Jewellery
 q - a ring of ice
 r - a ring of poison resistance
 v - an amulet of faith
Wands
 e - a wand of flame (18)
Scrolls
 a - a scroll of fog {unknown}
 b - a scroll of brand weapon {unknown}
 d - 2 scrolls of blinking {unknown}
 f - a scroll of immolation {unknown}
 t - a scroll of summoning {unknown}
 u - a scroll of magic mapping {unknown}
Potions
 c - 3 potions of attraction
 g - 4 potions of curing
 i - a potion of mutation
 l - a potion of heal wounds {unknown}
 o - 3 potions of degeneration
 p - 2 potions of ambrosia
 w - a potion of lignification


   Skills:
 + Level 1.8 Fighting
 + Level 1.8 Short Blades
 + Level 1.8 Long Blades
 + Level 1.8 Axes
 + Level 1.8 Maces & Flails
 + Level 1.8 Polearms
 + Level 1.8 Staves
 + Level 1.8 Ranged Weapons
 + Level 1.8 Throwing
 + Level 1.8 Armour
 + Level 4.9 Dodging
 + Level 4.5 Stealth
 + Level 1.8 Shields
 + Level 1.8 Unarmed Combat
 + Level 5.3 Spellcasting
 + Level 2.6 Conjurations
 + Level 1.4 Hexes
 + Level 1.4 Summonings
 + Level 1.4 Necromancy
 + Level 1.4 Translocations
 + Level 1.4 Transmutations
 + Level 5.6 Fire Magic
 + Level 1.4 Ice Magic
 + Level 1.4 Air Magic
 + Level 1.4 Earth Magic
 + Level 1.4 Poison Magic
 + Level 2.0 Invocations
 + Level 1.8 Evocations


You had 12 spell levels left.
You knew the following spells:

 Your Spells              Type           Power      Damage    Failure   Level
a - Foxfire               Conj/Fire      72%        2x1d7     2%          1
b - Scorch                Fire           46%        2d7       1%          2

Your spell library contained the following spells:

 Spells                   Type           Power      Damage    Failure   Level
 Sting                    Tmut/Pois      36%        1d4       8%          1
 Inner Flame              Hex/Fire       16%        N/A       10%         3
 Volatile Blastmotes      Fire/Tloc      32%        2d12      10%         3
 Poisonous Vapours        Pois/Air       18%        N/A       12%         2
 Portal Projectile        Hex/Tloc       18%        N/A       22%         3
 Tukima's Dance           Hex            9%         N/A       22%         3
 Flame Wave               Conj/Fire      18%        2d7       26%         4
 Olgreb's Toxic Radiance  Pois           9%         N/A       58%         4
 Blade Hands              Tmut           4%         N/A       91%         5


Dungeon Overview and Level Annotations

Branches:
Dungeon (4/15)              Sewer (visited)
 Temple: D:4-7

Altars:


Innate Abilities, Weirdness & Mutations

You have very sharp teeth.
Your uncanny sense of smell can sniff out nearby items.
Your experience applies equally to all skills.


Message History

There is a stone staircase leading up here.
The hobgoblin shouts!
You hit the orc but do no damage. The orc closely misses you.
You hit something.
The scorpion stings you but does no damage.
Something hits you.
You closely miss something. The scorpion barely misses you.
The orc hits you with a +0 flail. Something hits you.
You closely miss something.
The jelly quivers.
Your bite misses something. The scorpion barely misses you.
The orc barely misses you. Something hits you but does no damage.
The hobgoblin closely misses you. The scorpion misses you.
You barely miss something. The orc misses you.
You hear some strange, mumbled words.
A magic dart appears from out of thin air!
The magic dart hits you.
The hobgoblin hits you but does no damage.
The scorpion stings you but does no damage.
The orc hits you with a +0 flail. The hobgoblin closely misses you.
Something hits you.
You fade into invisibility!
The scorpion closely misses you. The orc misses you. Something hits you.
The hobgoblin barely misses you. The scorpion stings you.
You are poisoned.
The scorpion poisons you!
You feel very sick.
You feel sick. The orc completely misses you.
You hear some strange, mumbled words.
A puff of flame appears from out of thin air!
The puff of flame misses you.
There is a stone staircase leading up here.
You feel sick. The scorpion stings you!
* * * LOW HITPOINT WARNING * * *
The orc hits you with a +0 flail!
* * * LOW HITPOINT WARNING * * *
Something barely misses you. The hobgoblin barely misses you.
You climb upwards.
Reactivating autopickup.
You die...

#.~~~.# ##.~~~~# #...~~~#
###### #...~~~# ##....##
#....~~# #......## ######
#...#### #.......# #....#
##÷.# #.#####.###....#
##.÷.#
######.#####...s@g..###.÷###
.>..............o...##..##
##...#...#######.......##
#.........## #.....###
...........# #..#..#
...........# ##.....#
...........# ##.÷###.#
..).......## #.(># #.#
.....#....####...# #.#


You could see a scorpion (unable to see you), an orc (unable to see you) and a
hobgoblin (unable to see you).

Vanquished Creatures
  An orc wizard (D:3)
  A hell rat (Sewer)
  5 adders
  4 river rats
  2 worms
  2 dart slugs (D:1)
  8 orcs
  6 bats
  7 endoplasms
  3 giant cockroaches
  7 hobgoblins
  2 jackals (D:2)
  6 kobolds
  7 quokkas
  8 ball pythons
  A frilled lizard (D:1)
  4 goblins
  17 rats
91 creatures vanquished.

Vanquished Creatures (others)
  371 foxfires
371 creatures vanquished.

Grand Total: 462 creatures vanquished

Notes
Turn   | Place    | Note
-------+----------+-------------------------------------------
     0 | D:1      | retardedninja the Gnoll Fire Elementalist began the quest
                  | for the Orb.
     0 | D:1      | Reached XP level 1. HP: 13/13 MP: 6/6
   251 | D:1      | Reached XP level 2. HP: 20/20 MP: 3/7
   728 | D:1      | Reached skill level 5 in Spellcasting
   728 | D:1      | Reached XP level 3. HP: 25/25 MP: 5/9
   873 | D:1      | You fall into a shaft and drop 1 floor!
  1026 | D:1      | Learned a level 2 spell: Scorch
  1063 | D:1      | Reached skill level 1 in Invocations
  1535 | D:2      | Reached skill level 1 in Fighting
  1535 | D:2      | Reached skill level 1 in Short Blades
  1535 | D:2      | Reached skill level 1 in Long Blades
  1535 | D:2      | Reached skill level 1 in Axes
  1535 | D:2      | Reached skill level 1 in Maces & Flails
  1535 | D:2      | Reached skill level 1 in Polearms
  1535 | D:2      | Reached skill level 1 in Staves
  1535 | D:2      | Reached skill level 1 in Ranged Weapons
  1535 | D:2      | Reached skill level 1 in Throwing
  1535 | D:2      | Reached skill level 1 in Armour
  1535 | D:2      | Reached skill level 1 in Shields
  1535 | D:2      | Reached skill level 1 in Unarmed Combat
  1535 | D:2      | Reached skill level 1 in Evocations
  1853 | D:2      | Reached XP level 4. HP: 32/32 MP: 7/11
  2258 | D:2      | Reached skill level 1 in Hexes
  2258 | D:2      | Reached skill level 1 in Summonings
  2258 | D:2      | Reached skill level 1 in Necromancy
  2258 | D:2      | Reached skill level 1 in Translocations
  2258 | D:2      | Reached skill level 1 in Transmutations
  2258 | D:2      | Reached skill level 1 in Ice Magic
  2258 | D:2      | Reached skill level 1 in Air Magic
  2258 | D:2      | Reached skill level 1 in Earth Magic
  2258 | D:2      | Reached skill level 1 in Poison Magic
  3052 | D:3      | Reached XP level 5. HP: 26/37 MP: 0/12
  3164 | D:3      | Found a faded altar of an unknown god.
  3248 | D:3      | Identified the +4 war axe of Lioblof {drain, rElec MP-9
                  | Int+4 Dex-3}
  3424 | D:3      | Found a glowing drain.
  3438 | Sewer    | Entered a sewer
  4470 | D:4      | Reached XP level 6. HP: 44/44 MP: 8/13
  4522 | D:4      | HP: 1/44 [orc/+0 flail (8)]
  4523 | D:3      | Succumbed to a scorpion's poison

Illustrated notes

Levels and vault maps discovered:
D:1:      dpeg_arrival_orchard, layout_basic, minmay_surrounded
D:2:      layout_basic, minivault_26, chequers_serial_rivers_micro_e, hex_tiny,
          chequers_serial_rivers_room_a, serial_park_tiny_1
D:3:      layout_rooms, portal_sewer_entry_b, shapermc_ecumenical_altar_gd
D:4:      layout_basic, gammafunk_temple_overflow_statue

Skill      XL: |  1  2  3  4  5 |
---------------+----------------+-----
Conjurations   | 2 |  2.6
Spellcasting   | 5 |  5.3
Invocations    | 1 2 |  2.0
Fighting       | 1 |  1.8
Short Blades   | 1 |  1.8
Long Blades    | 1 |  1.8
Axes           | 1 |  1.8
Maces & Flails | 1 |  1.8
Polearms       | 1 |  1.8
Staves         | 1 |  1.8
Ranged Weapons | 1 |  1.8
Throwing       | 1 |  1.8
Armour         | 1 |  1.8
Shields        | 1 |  1.8
Unarmed Combat | 1 |  1.8
Evocations     | 1 |  1.8
Hexes          | 1 |  1.4
Summonings     | 1 |  1.4
Necromancy     | 1 |  1.4
Translocations | 1 |  1.4
Transmutations | 1 |  1.4
Ice Magic      | 1 |  1.4
Air Magic      | 1 |  1.4
Earth Magic    | 1 |  1.4
Poison Magic   | 1 |  1.4
Dodging        | |  4.9
Stealth        | |  4.5
Fire Magic     | |  5.6

Action                     |  1- 3 |  4- 6 || total
---------------------------+-------+-------++-------
  Melee: Mace              |       |    16 ||    16
   Cast: Foxfire           |   111 |   101 ||   212
         Scorch            |       |    18 ||    18
    Use: Scroll            |       |     9 ||     9
         Potion            |       |     2 ||     2
 Armour: Robe              |     3 |    17 ||    20
  Dodge: Dodged            |    10 |    54 ||    64

Table legend: (Time is in decaauts)
 A = Elapsed time spent in this place.
 B = Non-inter-level travel time spent in this place.
 C = Inter-level travel time spent in this place.
 D = Time resting spent in this place.
 E = Time spent auto-exploring this place.
 F = Levels seen in this place.
 G = Mean time per level.
                   A        B        C        D        E       F      G
               +--------+--------+--------+--------+--------+-----+--------+
         Total |   4539 |   4439 |    100 |    808 |   2837 |   5 |  907.8 |
       Dungeon |   4063 |   3963 |    100 |    515 |   2723 |   4 | 1015.8 |
         Sewer |    476 |    476 |      0 |    293 |    114 |   1 |  476.0 |
               +--------+--------+--------+--------+--------+-----+--------+

Top non-repeatable levels by time:
     D:1: 1433 daAuts
     D:2: 1319 daAuts
     D:3: 1231 daAuts
   Sewer: 476 daAuts
     D:4: 78 daAuts
